 Dungeon Crawl Stone Soup version 0.31.0-12-g77e489cdc1 (webtiles) character file.

Game seed: 7419367591896899743

83 monsoonserge the Ruffian (level 4, -7/28 HPs)
             Began as an Octopode Shapeshifter on Feb 22, 2024.
             Mangled by a gnoll
             ... wielding a +0 halberd
              (11 damage)
             ... on level 2 of the Dungeon.
             The game lasted 00:05:03 (1173 turns).

monsoonserge the Ruffian (Octopode Shapeshifter)    Turns: 1173, Time: 00:05:04

Health: -7/28      AC:  1    Str: 15    XL:     4   Next: 44%
Magic:  4/4        EV: 13    Int: 12    God:
Gold:   75         SH:  0    Dex: 11    Spells: 3/3 levels left

rFire   . .          .
                       - Unarmed
rCold   . . .        (no shield)
rNeg    . . .        (helmet currently unavailable)
rPois   .            (no amulet)
rElec   .            (no ring)
rCorr   .            (no ring)
SInv    .            (no ring)
Will    .....        (no ring)
Stlth   +++          (no ring)
HPRegen 0.24/turn    (no ring)
MPRegen 0.09/turn    (no ring)
                     (no ring)

%: no passive effects
@: beast-form
A: beast (slay +1), almost no armour, amphibious, 8 rings, camouflage 1,
gelatinous body 1, nimble swimmer 1, tentacles
a: Begin Untransformation


You were on level 2 of the Dungeon.
You were a hulking beast.
You visited 1 branch of the dungeon, and saw 2 of its levels.

You collected 75 gold pieces.

Inventory:

Missiles
 h - 5 javelins (quivered)
Jewellery
 i - an amulet of faith
Talismans
 b - a beast talisman
 c - a flux talisman
Scrolls
 e - 3 scrolls of identify {unknown}
 f - 2 scrolls of vulnerability {unknown}
 g - a scroll of enchant weapon {unknown}
 j - a scroll of teleportation {unknown}
Potions
 a - a potion of lignification


   Skills:
 + Level 1.1 Fighting
 + Level 2.0 Dodging
 + Level 1.1 Stealth
 * Level 4.9 Unarmed Combat
 - Level 3.0 Shapeshifting


You had 3 spell levels left.
You didn't know any spells.
Your spell library contained the following spells:

 Spells                   Type           Power      Damage    Failure   Level
 Dazzling Flash           Conj/Hex       0%         N/A       69%         3
 Mephitic Cloud           Conj/Alch/Air  0%         N/A       69%         3
 Curse of Agony           Necr           0%         N/A       100%        5
 Silence                  Hex/Air        0%         N/A       100%        5


Dungeon Overview and Level Annotations

Branches:
Dungeon (2/15)

Altars:
Kikubaaqudgha


Innate Abilities, Weirdness & Mutations

You are a hulking beast.
Your limbs bulge with bestial killing power. (Slay +1)
You cannot wear most types of armour.
You are amphibious.
You can wear up to eight rings at the same time.
Your skin changes colour to match your surroundings (Stealth+).
Your rubbery body absorbs attacks. (AC +1, EV +1)
You are camouflaged when in or above water. (Stealth+)
You have tentacles for arms and can constrict up to eight enemies at once.


Message History

You tentacle-slap the rat.
You kill the rat!
The bat hits you but does no damage.
Unknown command.
You tentacle-slap the rat.
You kill the rat!
The bat closely misses you.
A gnoll comes into view. It is wielding a +0 club.
The gnoll shouts!
You tentacle-slap the bat.
You kill the bat!
Found a faded altar of an unknown god.
You see here a bat corpse.
You closely miss the gnoll. You grab the gnoll. You squeeze the gnoll!
You kill the gnoll!
You hear a splash.
The kobold hits you with a +0 dagger.
The gnoll throws a stone.
The stone closely misses you.
The stone closely misses the kobold.
The gnoll misses you.
You see here a +0 whip.
The gnoll attacks as it pursues you!
The gnoll hits you from afar with a +0 halberd!
Ouch! That really hurt!
You see here a bat corpse.
You tentacle-slap the kobold but do no damage.
You grab the kobold. You constrict the kobold.
The gnoll hits you from afar with a +0 halberd!
* * * LOW HITPOINT WARNING * * *
The kobold barely misses you.
It was a potion of cancellation.
You feel magically purged.
You constrict the kobold.
You kill the kobold!
You hear a splash.
The gnoll closely misses you.
You closely miss the gnoll. Your grab misses the gnoll.
You tentacle-slap the gnoll, but do no damage.
You squeeze the gnoll!
The gnoll is severely wounded.
The gnoll hits you from afar with a +0 halberd!
You die...

#.........#####
##.#####.....P.P...#
#..# #..........P# #.##
#..###..~P..# #.# ##..#
...⌠...# ###.# ##...#
..⌠⌠...#
##...####....###..⌠..~##
...........###_......~..
.>#
##...######..###h......#
#.# #...#
##.P..g####...# #.#
...###
#.....g....##.###.###
...#
#.....g..gg...#.....#
...#
#.....##.#....#.#.#.#
.<.#
########........#.#.#
...# #......#.<<..####
...# ###......#.#.†.....
...# #......#...#.#####.


You could see 3 gnolls.

Vanquished Creatures
  An orc priest (D:2)
  A gnoll (D:2)
  3 orcs (D:2)
  2 bats
  2 endoplasms
  A giant cockroach (D:1)
  4 goblins
  2 hobgoblins (D:1)
  5 quokkas
  2 ball pythons (D:2)
  4 frilled lizards
  5 kobolds
  8 rats
40 creatures vanquished.

Notes
Turn   | Place    | Note
-------+----------+-------------------------------------------
     0 | D:1      | monsoonserge the Octopode Shapeshifter began the quest for
                  | the Orb.
     0 | D:1      | Reached XP level 1. HP: 13/13 MP: 1/1
   155 | D:1      | Reached XP level 2. HP: 18/18 MP: 2/2
   518 | D:1      | Reached skill level 4 in Unarmed Combat
   624 | D:1      | Reached XP level 3. HP: 23/23 MP: 3/3
   883 | D:2      | Found an ancient bone altar of Kikubaaqudgha.
  1002 | D:2      | Reached XP level 4. HP: 12/28 MP: 4/4
  1003 | D:2      | Reached skill level 1 in Stealth
  1167 | D:2      | Found a faded altar of an unknown god.
  1173 | D:2      | Mangled by a gnoll

Illustrated notes

Levels and vault maps discovered:
D:1:      lightli_arrival_statuegarden, layout_rooms, minmay_curled_crystal,
          minmay_misc_feat_rows, nicolae_hexahallways
D:2:      layout_basic, basic_altar, shapermc_ecumenical_altar_mp_ritualfount

Skill      XL: |  1  2  3  4 |
---------------+-------------+-----
Unarmed Combat | 4 |  4.9
Stealth        | 1 |  1.1
Fighting       | |  1.1
Dodging        | |  2.0
Shapeshifting  | |  3.0

Action                     |  1- 3 |  4- 6 || total
---------------------------+-------+-------++-------
  Melee: Unarmed           |    62 |     9 ||    71
         Tentacles         |     9 |     3 ||    12
         Constrict         |    13 |     4 ||    17
         Punch             |     1 |     1 ||     2
  Throw: Javelin           |       |     1 ||     1
    Use: Potion            |       |     1 ||     1
   Stab: Sleeping          |     6 |       ||     6
 Armour: Skin              |    15 |     8 ||    23
  Dodge: Dodged            |    23 |     5 ||    28
